 Dungeon Crawl Stone Soup version 0.30-a0-49-g1cef19eb02 (webtiles) character file.

Game seed: 13155841231380993964

14 drugrobin the Sneak (level 2, 0/25 HPs)
             Began as a Demigod Delver on Sept 2, 2022.
             Slain by a kobold brigand
             ... wielding a +0 short sword
              (5 damage)
             ... in a sewer.
             The game lasted 00:01:34 (210 turns).

drugrobin the Sneak (Demigod Delver)                 Turns: 210, Time: 00:01:35

Health: 0/25       AC:  3    Str: 13    XL:     2   Next: 18%
Magic:  4/4        EV: 12    Int: 12    God:
Gold:   0          SH:  0    Dex: 15    Spells: 1/1 levels left

rFire   . . .      SeeInvis .    a - +0 short sword
rCold   . . .      Faith    .    (no shield)
rNeg    . . .      Spirit   .    b - +0 leather armour
rPois   .          Reflect  .    (no helmet)
rElec   .          Harm     .    (no cloak)
rCorr   .          Rampage  .    (no gloves)
Will    .....                    (no boots)
Stlth   +++.......               (no amulet)
HPRegen 0.08/turn                (no ring)
MPRegen 0.09/turn                (no ring)

@: no status effects
A: high MP 1, forlorn, divine attributes
a: no special abilities


You were in a sewer.
You visited 1 branch of the dungeon, and saw 1 of its levels.
You also visited: Sewer.

Inventory:

Hand Weapons
 a - a +0 short sword (weapon)
Armour
 b - a +0 leather armour (worn)
Wands
 g - a wand of digging (2)
Scrolls
 c - a scroll of fog
 e - a scroll of fear


   Skills:
 - Level 2.8 Fighting
 + Level 2.1 Short Blades
 - Level 2.0 Dodging
 - Level 4.6 Stealth


You had one spell level left.
You didn't know any spells.
Your spell library was empty.

Dungeon Overview and Level Annotations

Branches:
Dungeon (5/15)             Temple (0/1) D:5           Sewer (1/1)

Annotations:
D:5 Pikel


Innate Abilities, Weirdness & Mutations

You have an increased reservoir of magic. (+10% MP)
You shall have no god before yourself.
Your divine heritage dramatically boosts your attributes as you level up.


Message History

Unknown command.
You hit the endoplasm but do no damage.
The endoplasm is severely wounded.
The kobold brigand barely misses you. The endoplasm closely misses you.
Unknown command.
Unknown command.
You hit the endoplasm.
You kill the endoplasm!
The kobold brigand completely misses you.
The kobold brigand barely misses you.
Unknown command.
Unknown command.
The kobold brigand attacks as you move away!
The kobold brigand misses you.
You closely miss the kobold brigand.
The kobold brigand splashes around in the water.
You hit the kobold brigand.
The kobold brigand is lightly wounded.
The kobold brigand splashes around in the water.
You hit the kobold brigand but do no damage.
The kobold brigand is lightly wounded.
The kobold brigand hits you with a +0 short sword.
* * * LOW HITPOINT WARNING * * *
You aren't carrying any potions.
Okay, then.
You hit the kobold brigand.
The kobold brigand is lightly wounded.
The kobold brigand hits you with a +0 short sword.
* * * LOW HITPOINT WARNING * * *
Unknown command.
You hit the kobold brigand but do no damage.
The kobold brigand is lightly wounded.
The kobold brigand splashes around in the water.
You barely miss the kobold brigand.
The kobold brigand is lightly wounded.
The kobold brigand barely misses you.
You barely miss the kobold brigand.
The kobold brigand is lightly wounded.
The kobold brigand hits you with a +0 short sword.
You die...

### #####~K~~.
#######~K..~#
##.~..~~~###.~K~.
#..~~~~~~# #######
#.~.~..~.###~~KK@#
.~..####..~~~#####
~.~## #####~~~~S#
~~## ####### .~#
~.# ~~# ~~# ~..#


You could see 2 kobold brigands.

Vanquished Creatures
  An adder (D:5)
  An endoplasm (Sewer)
  2 giant cockroaches (D:5)
  2 rats (D:5)
6 creatures vanquished.

Notes
Turn   | Place    | Note
-------+----------+-------------------------------------------
     0 | D:5      | drugrobin the Demigod Delver began the quest for the Orb.
     0 | D:5      | Reached XP level 1. HP: 18/18 MP: 3/3
    29 | D:5      | Found a glowing drain.
    30 | D:5      | Noticed a lemure
    31 | D:5      | Noticed a lemure
    32 | D:5      | Noticed Pikel
    33 | D:5      | Noticed a lemure
    36 | D:5      | Noticed a lemure
    48 | D:5      | Reached XP level 2. HP: 24/25 MP: 4/4
    76 | Sewer    | Entered a sewer
   178 | Sewer    | Noticed a kobold brigand
   178 | Sewer    | Noticed a kobold brigand
   210 | Sewer    | Slain by a kobold brigand

Illustrated notes

Levels and vault maps discovered:
D:5:      layout_cave_pools, minmay_temple_entry_stoned_glass,
          portal_sewer_entry_b, minmay_misc_feat_four_crosses, uniq_pikel
Sewer:    sewer_co_tree

Skill      XL: |  1 |
---------------+----+-----
Short Blades   | 2 |  2.1
Dodging        | 2 |  2.0
Fighting       | |  2.8
Stealth        | |  4.6

Action                   || total
-------------------------++-------
Melee: Short sword       ||    43
Evoke: Wand              ||     1
  Use: Potion            ||     2
       Scroll            ||     2
Armor: Leather armour    ||     8
Dodge: Dodged            ||    26

Table legend: (Time is in decaauts)
 A = Elapsed time spent in this place.
 B = Non-inter-level travel time spent in this place.
 C = Inter-level travel time spent in this place.
 D = Time resting spent in this place.
 E = Time spent auto-exploring this place.
 F = Levels seen in this place.
 G = Mean time per level.
                   A        B        C        D        E       F      G
               +--------+--------+--------+--------+--------+-----+--------+
         Total |    203 |    187 |     16 |      3 |     96 |   2 |  101.5 |
       Dungeon |     63 |     47 |     16 |      0 |      0 |   1 |   63.0 |
         Sewer |    139 |    139 |      0 |      3 |     96 |   1 |  139.0 |
               +--------+--------+--------+--------+--------+-----+--------+

Top non-repeatable levels by time:
   Sewer: 139 daAuts
     D:5: 63 daAuts
